[Event "Late-Titled-Tuesday-Blitz-January-23-2024"]
[Site "Chess.com"]
[Date "2024.01.23"]
[Round "6"]
[White "Mikhail_Golubev"]
[Black "miraitrunks"]
[Result "1-0"]
[WhiteElo "2528"]
[BlackElo "2107"]
[TimeControl "180+1"]
[EndTime "15:04:56 PST"]
[Termination "Mikhail_Golubev won by checkmate"]

1. e4 c5 2. Nf3 Nc6 3. Nc3 g6 4. d4 cxd4 5. Nxd4 Bg7 6. Be3 d6 7. f3 Nf6 8. Qd2 O-O 9. Bc4 Bd7 10. g4 Bxg4 11. fxg4 Nxg4 12. Nxc6 bxc6 13. Be2 Nxe3 14. Qxe3 d5 15. Qf3 Rb8 16. exd5 cxd5 17. Nxd5 Qa5+ 18.
c3 Rxb2 19. Rd1 Qxa2 20. Nb4 Qa3 21. O-O Bxc3 22. Nd5 Qc5+ 23. Kh1 Be5 24. Ne3 e6 25. Rd3 Rfb8 26. Ng4 Bg7 27. Qxf7+ Kh8 28. Rd7 Qc6+ 29.
Bf3 Qc3 30. Nh6 Rf8 31. Qg8+ Rxg8 32. Nf7# 1-0

[Event "Late-Titled-Tuesday-Blitz-January-23-2024"]
[Site "Chess.com"]
[Date "2024.01.23"]
[Round "6"]
[White "chessflav"]
[Black "DvaHrasta"]
[Result "0-1"]
[WhiteElo "2309"]
[BlackElo "2483"]
[TimeControl "180+1"]
[EndTime "15:04:56 PST"]
[Termination "DvaHrasta won by resignation"]

1. e4 c6 2. Nc3 d5 3. Nf3 Nf6 4. exd5 cxd5 5. d4 Nc6 6. Bd3 Bg4 7. Be3 e6 8. h3 Bh5 9. O-O Bd6 10. Re1 O-O 11. Be2 Rc8 12. Qd2 Bb4 13. Bg5 h6 14.
Bh4 g5 15. Bg3 Ne4 16. Qe3 Bxc3 17. bxc3 Na5 18. Bd3 Rxc3 19. Nd2 f5 20. f4 Nc4 21. Nxe4 Nxe3 22. Nxc3 Qa5 23. Ne2 Rc8 24. fxg5 hxg5 25. Be5 f4 26. h4 Nxc2 27. Rac1 Rc6 28. Bxc2 Rxc2 29. Kf2 Qxa2 30. Rxc2 Qxc2 31. hxg5 Kf7 32. Bxf4 a5 33. Be3 a4 34. g6+ Kxg6 35. Kf1 Bxe2+ 36. Rxe2 Qd3 37. Kf2 b5 38. Rd2 Qf5+ 39. Ke2 b4 40. g4 Qxg4+ 0-1

[Event "Late-Titled-Tuesday-Blitz-January-23-2024"]
[Site "Chess.com"]
[Date "2024.01.23"]
[Round "6"]
[White "deloewre"]
[Black "Josgar05"]
[Result "0-1"]
[WhiteElo "2008"]
[BlackElo "2315"]
[TimeControl "180+1"]
[EndTime "15:04:56 PST"]
[Termination "Josgar05 won on time"]

1. d4 d5 2. Bf4 Nf6 3. e3 e6 4.
Nf3 c5 5. c3 Nc6 6. Nbd2 Bd6 7.
Bg3 Qc7 8. Bb5 cxd4 9. exd4 O-O 10. Bd3 e5 11. dxe5 Nxe5 12. Nxe5 Bxe5 13. O-O Bg4 14. Qc2 Bxg3 15. hxg3 Rac8 16. Bf5 Bxf5 17. Qxf5 Qb6 18. Nb3 a5 19. Rab1 a4 20. Nd4 Qd6 21. a3 Ne4 22.
Rfe1 Rce8 23. Rbd1 Re5 24. Qf3 Rfe8 25. Re3 Qh6 26.
Rde1 Rf8 27. Qg4 Rg5 28. Qf4 Qg6 29. Nf3 Rf5 30. Qc7 Rf6 31. R1e2 b6 32. Qe5 Rf5 33. Qc7 Qf6 34. g4 Rf4 0-1

[Event "Late-Titled-Tuesday-Blitz-January-23-2024"]
[Site "Chess.com"]
[Date "2024.01.23"]
[Round "6"]
[White "hsd2016"]
[Black "The_Straightforward_Rook"]
[Result "0-1"]
[WhiteElo "2293"]
[BlackElo "2472"]
[TimeControl "180+1"]
[EndTime "15:04:57 PST"]
[Termination "The_Straightforward_Rook won on time"]

1. e4 c6 2. d4 d5 3. Bd2 dxe4 4.
c3 Nf6 5. Bc4 Bg4 6. Qb3 e6 7.
Qxb7 Nbd7 8. Qxc6 Be7 9. Be2 Bf5 10. Bd1 O-O 11. Ne2 Rc8 12. Qa4 Qb6 13. b3 Qb7 14. O-O Nb6 15. Qa5 Rfd8 16. Ng3 Rd5 17. Nxf5 Rxa5 18. Nxe7+ Qxe7 19. c4 Rf5 20. Nc3 h5 21. h3 Rd8 22. Be3 g5 23. Bc2 Qb7 24.
Rfe1 g4 25. h4 Ra5 26. Bg5 Nbd7 27. Nxe4 Kg7 28. a4 Re8 29. Nd6 Qb8 30. Nxe8+ Qxe8 31. Rad1 Qc8 32. d5 exd5 33. Bf5 Qc6 34. Re7 Qd6 35.
Rde1 dxc4 36. bxc4 Rxf5 0-1

[Event "Late-Titled-Tuesday-Blitz-January-23-2024"]
[Site "Chess.com"]
[Date "2024.01.23"]
[Round "6"]
[White "OPQRC"]
[Black "R2D2PTY"]
[Result "1-0"]
[WhiteElo "2531"]
[BlackElo "2242"]
[TimeControl "180+1"]
[EndTime "15:04:58 PST"]
[Termination "OPQRC won by resignation"]

1. e4 e5 2. Nf3 Nc6 3. d4 exd4 4. Nxd4 Bc5 5. Nb3 Bb6 6. Nc3 Nf6 7. Qe2 O-O 8. Bg5 h6 9. Bh4 a5 10. a4 Nb4 11.
O-O-O g5 12. Bg3 d6 13. f3 Be6 14. e5 Nfd5 15. Nxd5 Bxd5 16. h4 Qd7 17. Rxd5 Nxd5 18. hxg5 Qxa4 19. Rxh6 Be3+ 20. Kb1 Bxg5 21. Rh5 f6 22.
Qd3 Nc3+ 23. bxc3 Rf7 24. Qc4 Qc6 25. exf6 Bxf6 26. Qg4+ Bg7 27. Bc4 d5 28. Bxd5 Qxc3 29. Bxf7+ Kxf7 30. Qf5+ Kg8 31. Qe6+ Kf8 32. Rf5+ 1-0

[Event "Late-Titled-Tuesday-Blitz-January-23-2024"]
[Site "Chess.com"]
[Date "2024.01.23"]
[Round "6"]
[White "StankovicIvan"]
[Black "Korchmar_Vasiliy"]
[Result "0-1"]
[WhiteElo "2544"]
[BlackElo "2741"]
[TimeControl "180+1"]
[EndTime "15:04:59 PST"]
[Termination "Korchmar_Vasiliy won by resignation"]

1. e4 c5 2. c4 Nc6 3. Nc3 Nf6 4. g3 g6 5. Bg2 Bg7 6. Nge2 h5 7.
d3 h4 8. h3 hxg3 9. fxg3 d6 10.
Be3 a6 11. Qd2 Rb8 12. d4 cxd4 13. Nxd4 Ne5 14. b3 Bd7 15. a4 Qa5 16. Rc1 Nc6 17. Nce2 Qd8 18. Nc3 Qa5 19. Nce2 Qd8 20. Nc3 Nxd4 21.
Bxd4 b5 22. axb5 axb5 23. c5 dxc5 24. Bxc5 b4 25. Nd5 Nxd5 26. exd5 Bb5 27. Kf2 O-O 28. Qe3 Qa5 29. Rhe1 Rfe8 30. Kg1 Bf6 31. g4 Qa2 32.
g5 Bg7 33. Bxe7 Qb2 34. d6 Bd4 35. Kh2 Bxe3 36. Rxe3 Qxc1 0-1

[Event "Late-Titled-Tuesday-Blitz-January-23-2024"]
[Site "Chess.com"]
[Date "2024.01.23"]
[Round "6"]
[White "Rud_Makarian"]
[Black "KNVB"]
[Result "0-1"]
[WhiteElo "2969"]
[BlackElo "2775"]
[TimeControl "180+1"]
[EndTime "15:05:00 PST"]
[Termination "KNVB won by resignation"]

1. c4 c5 2. Nc3 b6 3. Nf3 Bb7 4. d4 cxd4 5. Nxd4 e6 6. e4 a6 7. f3 Qc7 8. Be2 Nf6 9. Be3 d6 10. Qd2 Nbd7 11. O-O Be7 12. Rfd1 O-O 13. Rac1 Rac8 14.
a3 Qb8 15. b4 Rfe8 16. Kh1 h5 17. Nb3 h4 18. Na4 h3 19. gxh3 b5 20. cxb5 Rxc1 21. Rxc1 axb5 22. Nc3 d5 23. exd5 Nxd5 24. Nxd5 Bxd5 25.
Nd4 Ne5 26. Bf4 Bf6 27. Qe3 Ng4 28. hxg4 e5 29. Nc6 exf4 30. Qd2 Bxc6 31. Rxc6 Qa8 32. Rc3 Bxc3 0-1

[Event "Late-Titled-Tuesday-Blitz-January-23-2024"]
[Site "Chess.com"]
[Date "2024.01.23"]
[Round "6"]
[White "ChristopherYoo"]
[Black "greekplayer1"]
[Result "1-0"]
[WhiteElo "2980"]
[BlackElo "2714"]
[TimeControl "180+1"]
[EndTime "15:05:00 PST"]
[Termination "ChristopherYoo won by resignation"]

1. d4 Nf6 2. c4 e6 3. Nc3 Bb4 4. a3 Bxc3+ 5. bxc3 O-O 6. f3 c5 7. e4 d6 8. Bd3 Nc6 9. Ne2 e5 10. O-O b6 11. Bg5 h6 12. Bh4 g5 13. Bf2 Ba6 14. Ng3 Ne7 15. Be3 Kh7 16. Qe2 Ng6 17. Nf5 Rc8 18. Rfd1 Rc7 19. Qf2 Bc8 20. Bf1 exd4 21. cxd4 Bxf5 22. exf5 Ne7 23. dxc5 bxc5 24. g4 Rg8 25. Bd3 d5 26. h4 d4 27. Bd2 Rg7 28.
Qh2 Kg8 29. Re1 Nc6 30. hxg5 hxg5 31. Qh6 Re7 32. Bxg5 Nxg4 33. fxg4 Rxe1+ 34. Rxe1 Rxg5 35. f6 Rxg4+ 36. Kf1 1-0

[Event "Late-Titled-Tuesday-Blitz-January-23-2024"]
[Site "Chess.com"]
[Date "2024.01.23"]
[Round "6"]
[White "bazar-wokzal"]
[Black "Mikhail_Bryakin"]
[Result "1-0"]
[WhiteElo "2604"]
[BlackElo "2816"]
[TimeControl "180+1"]
[EndTime "15:05:00 PST"]
[Termination "bazar-wokzal won on time"]

1. e4 e6 2. d4 d5 3. e5 c5 4. c3 Nc6 5. Nf3 Bd7 6. a3 c4 7.
b4 cxb3 8. Qxb3 Na5 9. Qc2 Rc8 10. Bd3 h6 11. O-O Nc4 12. a4 Ne7 13. Na3 Nxa3 14. Bxa3 Nc6 15. Bxf8 Kxf8 16. Qb2 Na5 17. Nd2 g6 18. f4 h5 19. g3 b6 20. Kg2 Kg7 21.
h3 Qe7 22. Nf3 Nc4 23. Qe2 Na5 24. Rac1 Bxa4 25. g4 hxg4 26. hxg4 Bb3 27. f5 gxf5 28. gxf5 Kf8 29. fxe6 Rg8+ 30. Kh1 fxe6 31. Rf2 Ke8 32.
Rg1 Rf8 33. Ng5 Kd7 34. Ba6 Rxf2 35. Bxc8+ Kxc8 36. Qxf2 Ba4 37. Qf6 Kd7 38. Nf7 Bc2 39.
Rg7 Qf8 40. Nd6+ 1-0

[Event "Late-Titled-Tuesday-Blitz-January-23-2024"]
[Site "Chess.com"]
[Date "2024.01.23"]
[Round "6"]
[White "Zq1"]
[Black "Goryachkina"]
[Result "1/2-1/2"]
[WhiteElo "2485"]
[BlackElo "2693"]
[TimeControl "180+1"]
[EndTime "15:05:00 PST"]
[Termination "Game drawn by agreement"]

1. d4 Nf6 2. c4 e6 3. Nf3 d5 4. Nc3 Nbd7 5. cxd5 exd5 6. Bf4 c6 7. e3 Be7 8. Bd3 O-O 9. O-O Re8 10. h3 Nf8 11. Rb1 a5 12. a3 Ne6 13. Bh2 g6 14.
Ne5 Ng7 15. b4 axb4 16. axb4 Bf5 17. b5 c5 18. dxc5 Bxc5 19. Bxf5 Nxf5 20. Na4 Bd6 21.
Nf3 Bxh2+ 22. Kxh2 Re4 23. Nb2 d4 24. exd4 Nxd4 25.
Kh1 Qd7 26. Nc4 Rd8 27. Ne3 Kg7 28. Nxd4 Qxd4 29. Qf3 Qe5 30. Rbd1 Rxd1 31. Rxd1 b6 32. Kg1 Rd4 33. Rxd4 Qxd4 34. Qc6 Ne4 35. Qc4 Qxc4 36. Nxc4 Nc3 37. Nxb6 Nxb5 38. Nc4 Nc3 39. Ne3 Ne4 40. f3 Nd6 41. Kf2 h5 42. h4 Kf6 1/2-1/2

[Event "Late-Titled-Tuesday-Blitz-January-23-2024"]
[Site "Chess.com"]
[Date "2024.01.23"]
[Round "6"]
[White "Nf3c5"]
[Black "carloseduar100"]
[Result "1-0"]
[WhiteElo "2539"]
[BlackElo "2301"]
[TimeControl "180+1"]
[EndTime "15:05:00 PST"]
[Termination "Nf3c5 won by resignation"]

1. d4 d5 2. Nf3 c6 3. c4 Nf6 4. cxd5 cxd5 5. Nc3 e6 6. Bf4 Nc6 7. Rc1 Bd6 8. Bg5 h6 9. Bh4 Bd7 10. e3 a6 11. Bd3 Qe7 12. O-O Rc8 13. Na4 g5 14.
Bg3 Bxg3 15. fxg3 Nb4 16. Rxc8+ Bxc8 17. Bb1 b5 18. Nc5 Nc6 19. a4 b4 20. Qe2 Ng4 21. Nd2 f5 22. h3 Nf6 23. g4 fxg4 24. Bg6+ Kd8 25. hxg4 Rf8 26. Nxa6 Nd7 27. Nb3 Rxf1+ 28. Qxf1 Qf8 29. Qe2 Qd6 30. Nac5 Nb6 31. Bd3 e5 32.
Bf5 e4 33. Qb5 Qc7 34. Bxc8 Kxc8 35. a5 Nd7 36. Qa6+ Kd8 37. Ne6+ Ke7 38. Nxc7 1-0

[Event "Late-Titled-Tuesday-Blitz-January-23-2024"]
[Site "Chess.com"]
[Date "2024.01.23"]
[Round "6"]
[White "Rikikits"]
[Black "iturrizaga"]
[Result "0-1"]
[WhiteElo "2827"]
[BlackElo "3023"]
[TimeControl "180+1"]
[EndTime "15:05:01 PST"]
[Termination "iturrizaga won by resignation"]

1. d4 Nf6 2. c4 e6 3. Bf4 c5 4. d5 exd5 5. cxd5 g6 6. Nc3 Bg7 7. Nf3 O-O 8. e3 d6 9. h3 a6 10. a4 Qe7 11. Be2 Nbd7 12. Bh2 Ne8 13. Nd2 Nc7 14.
Nc4 Ne5 15. Nb6 Rb8 16. O-O Na8 17. Nxa8 Rxa8 18. Re1 f5 19. f4 Nd7 20. Bd3 Nf6 21.
e4 fxe4 22. Nxe4 Nxe4 23. Bxe4 Bxb2 24. Ra2 Qg7 25. Kh1 Bc3 26. Ree2 Bd7 27. Bf3 Rae8 28. f5 Be5 29. fxg6 hxg6 30. Bxe5 Rxe5 31. Rxe5 Qxe5 32. Re2 Qf6 33. Re3 b5 34. axb5 axb5 35.
Bg4 Qf1+ 36. Qxf1 Rxf1+ 37. Kh2 Bxg4 38. hxg4 Rd1 39. Re6 Rxd5 40. Rxg6+ Kf7 41. Rh6 b4 42. Rh7+ Kg6 43. Rb7 Rd3 44. g3 b3 45. Kh3 c4 46.
Kh4 Rd2 47. g5 b2 0-1

[Event "Late-Titled-Tuesday-Blitz-January-23-2024"]
[Site "Chess.com"]
[Date "2024.01.23"]
[Round "6"]
[White "Harsha_Bharathakoti"]
[Black "Crazy_girl99"]
[Result "1-0"]
[WhiteElo "2899"]
[BlackElo "2612"]
[TimeControl "180+1"]
[EndTime "15:05:01 PST"]
[Termination "Harsha_Bharathakoti won by resignation"]

1. Nf3 d5 2. e3 Nf6 3. c4 c6 4.
Nc3 g6 5. Be2 Bg7 6. O-O O-O 7.
d4 Re8 8. b3 Nbd7 9. cxd5 cxd5 10. Ba3 a6 11. Rc1 b5 12. Rc2 Bb7 13. Qb1 Qb6 14. Bb2 Rec8 15. Rfc1 e6 16. Ne1 Bf8 17. Nd3 Ne4 18. Nxe4 dxe4 19. Nf4 Nf6 20. h4 a5 21.
Rxc8 Rxc8 22. Rxc8 Bxc8 23. Qc2 Bb7 24. d5 Nxd5 25.
Nxd5 exd5 26. Qc3 d4 27. Qxd4 Qxd4 28. Bxd4 Bc6 29. g4 f5 30. gxf5 gxf5 31. a4 Be7 32.
axb5 Bb7 33. Bc4+ Kf8 34. h5 h6 35. Bb6 Bb4 36. Kg2 Ke7 37. Bc7 Kd7 38. Be5 Bf8 39.
Bc3 Bb4 40. Bg7 f4 41. Bxh6 f3+ 42. Kg3 Ke7 43. Bg5+ Kf8 44. h6 Bc3 45. Kg4 Bc8+ 46. Kf4 Bb7 47. Kf5 Be1 48. Bf6 1-0

[Event "Late-Titled-Tuesday-Blitz-January-23-2024"]
[Site "Chess.com"]
[Date "2024.01.23"]
[Round "6"]
[White "Sanan_Sjugirov"]
[Black "ContrVersia"]
[Result "1-0"]
[WhiteElo "3025"]
[BlackElo "2846"]
[TimeControl "180+1"]
[EndTime "15:05:03 PST"]
[Termination "Sanan_Sjugirov won by checkmate"]

1. Nf3 d5 2. g3 Nd7 3. d4 Nb6 4. a4 a5 5. Nc3 Nf6 6. Bg2 Bf5 7. Nh4 Bg4 8. h3 Bc8 9. O-O c6 10. Qd3 g6 11. e4 dxe4 12. Nxe4 Nxe4 13. Qxe4 Bg7 14.
c3 O-O 15. Nf3 Be6 16. Re1 h6 17. Qh4 g5 18. Bxg5 hxg5 19. Nxg5 Bf5 20. Be4 Qd7 21. g4 Bxe4 22. Rxe4 Rfe8 23. Qh7+ Kf8 24. Rf4 e6 25. Qg6 Re7 26. Nh7+ Ke8 27. Qxg7 Kd8 28. Nf6 Qd6 29. Rf3 Kc7 30. Re1 Rd8 31. Re5 Nc4 32. Rc5 Nxb2 33.
Ne4 Qd7 34. Qe5+ Kc8 35. Rxa5 Qc7 36. Ra8+ Kd7 37. Nf6# 1-0

[Event "Late-Titled-Tuesday-Blitz-January-23-2024"]
[Site "Chess.com"]
[Date "2024.01.23"]
[Round "6"]
[White "IgorBjelobrk"]
[Black "SergioMoralesG"]
[Result "1-0"]
[WhiteElo "2624"]
[BlackElo "2462"]
[TimeControl "180+1"]
[EndTime "15:05:05 PST"]
[Termination "IgorBjelobrk won on time"]

1. d4 d5 2. c4 c6 3. Nf3 Nf6 4. Qc2 dxc4 5. e4 b5 6. b3 cxb3 7. axb3 Bb7 8. Nc3 e6 9. Bb2 Be7 10. Bd3 h6 11. O-O O-O 12. Rfd1 a6 13. h3 Nbd7 14. e5 Nd5 15. Nxd5 cxd5 16. Qd2 f5 17. exf6 Nxf6 18. Ne5 Ne4 19. Bxe4 dxe4 20. Qe3 Bg5 21.
Qg3 Qd5 22. Ng6 e3 23. fxe3 Bxe3+ 24. Kh1 Qxg2+ 25. Qxg2 Bxg2+ 26. Kxg2 Rf2+ 27. Kg3 Rxb2 28. Rd3 Bf2+ 29. Kg4 Kh7 30. Ne5 Rf8 31. Rxa6 Rf5 32.
Rxe6 Rg5+ 33. Kf3 Bh4 34. Ke4 Rg3 35. Rb6 Rxd3 36. Nxd3 Rxb3 37. d5 Bf6 38. d6 b4 39.
d7 Rb1 40. Rxf6 1-0

[Event "Late-Titled-Tuesday-Blitz-January-23-2024"]
[Site "Chess.com"]
[Date "2024.01.23"]
[Round "6"]
[White "PabloZarnicki"]
[Black "AlexOstrovskiy"]
[Result "1-0"]
[WhiteElo "2596"]
[BlackElo "2759"]
[TimeControl "180+1"]
[EndTime "15:05:06 PST"]
[Termination "PabloZarnicki won by resignation"]

1. e4 d5 2. exd5 Nf6 3. d4 Bg4 4. f3 Bf5 5. Bb5+ Nbd7 6. Nc3 a6 7. Ba4 b5 8. Bb3 Nb6 9. Nge2 b4 10. Na4 Nfxd5 11. O-O e6 12. Ng3 Bg6 13. f4 Be7 14. f5 exf5 15. Nxf5 O-O 16. Qf3 Bf6 17. Rd1 Qd7 18.
Nxb6 Nxb6 19. Nh6+ Kh8 20. Be3 Rae8 21. Ng4 Bh5 22.
Nxf6 Bxf3 23. Nxd7 Nxd7 24. Re1 Be4 25. Bf4 f5 26.
Bxc7 Rf6 27. Ba4 Re7 28. Bd8 Rff7 29. Bxe7 Rxe7 30. Bxd7 Rxd7 31. c3 Kg8 32. Rad1 bxc3 33. bxc3 Rc7 34. d5 Kf7 35. d6 Rd7 36. c4 Rd8 37. c5 Ke6 38. c6 Rxd6 39. c7 Rxd1 40. Rxd1 Bb7 41. Rd8 1-0

[Event "Late-Titled-Tuesday-Blitz-January-23-2024"]
[Site "Chess.com"]
[Date "2024.01.23"]
[Round "6"]
[White "LevonAronian"]
[Black "MITerryble"]
[Result "1-0"]
[WhiteElo "3114"]
[BlackElo "3022"]
[TimeControl "180+1"]
[EndTime "15:05:08 PST"]
[Termination "LevonAronian won by checkmate"]

1. e4 e6 2. d4 d5 3. Nc3 Nf6 4. Bg5 Bb4 5. e5 h6 6. Be3 Ne4 7. Qg4 Kf8 8. a3 Bxc3+ 9. bxc3 Nxc3 10. Bd3 c5 11. dxc5 Nc6 12. Nf3 f5 13. Qh3 d4 14. Bd2 Ne4 15. O-O Nxc5 16. Nh4 Kf7 17. Be2 g5 18. Bh5+ Kg7 19. Ng6 Rg8 20. g4 Kh7 21. f4 Ne4 22. Rad1 Rxg6 23. Bxg6+ Kxg6 24. Qh5+ Kg7 25. Rf3 Bd7 26. Rh3 Qh8 27. gxf5 exf5 28. Re1 g4 29. Rb3 b6 30. Rxe4 fxe4 31. f5 Nxe5 32.
Bf4 Nf3+ 33. Rxf3 Be8 34. Qxg4+ Kf8 35. Bd6+ Kf7 36. Qg6# 1-0

[Event "Late-Titled-Tuesday-Blitz-January-23-2024"]
[Site "Chess.com"]
[Date "2024.01.23"]
[Round "6"]
[White "lucachess49"]
[Black "Lennis93"]
[Result "0-1"]
[WhiteElo "2517"]
[BlackElo "2715"]
[TimeControl "180+1"]
[EndTime "15:05:08 PST"]
[Termination "Lennis93 won by resignation"]

1. e4 c5 2. Nf3 Nc6 3. b3 Nf6 4. e5 Nd5 5. Bc4 Nb6 6. Na3 Nxc4 7. Nxc4 d5 8. exd6 exd6 9. O-O Be7 10. Bb2 O-O 11. d4 Bf6 12. d5 Bxb2 13. Nxb2 Ne7 14. h3 Bf5 15. Re1 Re8 16. Qd2 h6 17. Nc4 Qd7 18.
a4 b6 19. c3 Rad8 20. Re2 Nc8 21. Rae1 Rxe2 22. Qxe2 g5 23. h4 g4 24. Nfd2 h5 25. Nf1 Bg6 26. Ng3 b5 27. axb5 Qxb5 28. Qe3 Qxb3 29. Qg5 Rf8 30. Nxh5 Qxc4 31. Nf6+ Kg7 32.
h5 Qxc3 33. Rc1 Qe5 34. Qxe5 dxe5 35. Nd7 Rd8 36. Nxe5 Rxd5 37. h6+ Kxh6 38. Nxg4+ Kg7 39. Ne3 Re5 40. g3 Nd6 41. Ra1 Re7 42. Ra6 Nb5 43. Nd5 Re1+ 44. Kh2 Be4 0-1

[Event "Late-Titled-Tuesday-Blitz-January-23-2024"]
[Site "Chess.com"]
[Date "2024.01.23"]
[Round "6"]
[White "Grischuk"]
[Black "platy3"]
[Result "1-0"]
[WhiteElo "3069"]
[BlackElo "2864"]
[TimeControl "180+1"]
[EndTime "15:05:09 PST"]
[Termination "Grischuk won on time"]

1. d4 Nf6 2. c4 e6 3. Bg5 h6 4.
Bh4 b6 5. Nc3 Bb7 6. e3 g5 7. Bg3 Bg7 8. h4 d6 9. hxg5 hxg5 10.
Rxh8+ Bxh8 11. Qc2 Nbd7 12. O-O-O Qe7 13. Nb5 Qd8 14.
Bxd6 cxd6 15. Nxd6+ Kf8 16. Nxb7 Qc7 17. c5 Qxb7 18. c6 Qc7 19. cxd7 Qxd7 20. Kb1 Rc8 21. Qd3 Qc6 22. Ne2 Qd6 23. Nc3 Ng4 24. Qe2 f5 25. g3 Qb4 26. Rc1 e5 27. Qf3 Nh6 28. Qb7 Re8 29. Nd5 Qd2 30. Bb5 exd4 31. Qc6 Rd8 32.
Qxh6+ Bg7 33. Qe6 d3 34. Qe7+ 1-0

[Event "Late-Titled-Tuesday-Blitz-January-23-2024"]
[Site "Chess.com"]
[Date "2024.01.23"]
[Round "6"]
[White "SEBAZZANO"]
[Black "ccccvhhhj"]
[Result "1-0"]
[WhiteElo "2219"]
[BlackElo "2471"]
[TimeControl "180+1"]
[EndTime "15:05:13 PST"]
[Termination "SEBAZZANO won by resignation"]

1. d4 e5 2. dxe5 d6 3. Nf3 Bg4 4. Qd4 Bxf3 5. exf3 Nc6 6. Bb5 Qd7 7. Bxc6 Qxc6 8.
exd6 Bxd6 9. Qe4+ Ne7 10. Nc3 O-O-O 11. Qxc6 Nxc6 12. Be3 Bb4 13. O-O Bxc3 14. bxc3 Ne5 15. Rfd1 Nc4 16. Kf1 Rhe8 17. Rxd8+ Rxd8 18. Ke2 Re8 19. Rd1 b6 20. Rd4 Nd6 21. Kd2 f6 22. Rh4 h6 23.
Rg4 g5 24. h4 f5 25. Ra4 f4 26. Bd4 Kb7 27. hxg5 hxg5 28. Bf6 Rg8 29. Be7 Nf5 30.
Re4 Rg7 31. Bf6 Rd7+ 32. Ke2 Rd5 33. Re5 Rxe5+ 34. Bxe5 Nh6 35. Bf6 Nf7 36. Kd3 Kc6 37. Ke4 Kd6 38. Kf5 a5 39. Bxg5 Kc5 40. Bxf4 Kb5 41.
Bxc7 Kc6 42. Bf4 b5 43. g4 Kc5 44. g5 Kc4 45. Bd2 Nd6+ 46. Ke6 Ne8 47. g6 Ng7+ 48. Kf7 Nf5 49. g7 Nd6+ 50. Kf8 b4 51. cxb4 axb4 52. Bxb4 Kxb4 53. g8=Q Nc4 54. Qxc4+ Kxc4 55. f4 Kd5 56. f5 Ke5 57. a4 Kxf5 58. a5 Ke6 59. a6 Kd6 60. a7 Kc7 61. a8=Q 1-0

[Event "Late-Titled-Tuesday-Blitz-January-23-2024"]
[Site "Chess.com"]
[Date "2024.01.23"]
[Round "6"]
[White "DenLaz"]
[Black "xakevicius91"]
[Result "1-0"]
[WhiteElo "3077"]
[BlackElo "2561"]
[TimeControl "180+1"]
[EndTime "15:05:14 PST"]
[Termination "DenLaz won by resignation"]

1. d4 Nf6 2. Nf3 e6 3. c4 b6 4. g3 Bb7 5. Bg2 Be7 6. O-O O-O 7. Re1 Na6 8. a3 c5 9. d5 exd5 10. Nh4 Nc7 11. Nc3 Ne4 12. Nxd5 Nxd5 13. cxd5 Bxh4 14. Bxe4 Bf6 15. Qc2 h6 16. Bf4 d6 17. Rad1 Re8 18.
Bg2 Qe7 19. e4 Bd4 20. Be3 Bxe3 21. Rxe3 Qf6 22. h4 b5 23. Rde1 c4 24. f4 Qd4 25.
Qf2 f6 26. Rc3 Qxf2+ 27. Kxf2 a6 28. Rec1 Re7 29. b3 cxb3 30. Rxb3 Rae8 31. Rbc3 f5 32. exf5 Re2+ 33. Kf1 R8e7 34. Rc7 Re1+ 35. Rxe1 Rxc7 36.
g4 Rc5 37. Kf2 Bxd5 38. Bxd5+ Rxd5 39. Re7 Rd3 40. g5 Rxa3 41. g6 Kf8 42. Rf7+ Kg8 43. f6 gxf6 44. Rxf6 Rd3 45. f5 h5 46. Rf7 Rd5 47.
Ke3 a5 48. Kf4 b4 49. Rb7 Rd1 50. Kg5 1-0

[Event "Late-Titled-Tuesday-Blitz-January-23-2024"]
[Site "Chess.com"]
[Date "2024.01.23"]
[Round "6"]
[White "kai_nov"]
[Black "SmirnovTimofey2000"]
[Result "1-0"]
[WhiteElo "2295"]
[BlackElo "1965"]
[TimeControl "180+1"]
[EndTime "15:05:14 PST"]
[Termination "kai_nov won on time"]

1. d4 d5 2. c4 c6 3. Nf3 Nf6 4. e3 e6 5. Nbd2 Bd6 6. Bd3 O-O 7. O-O a6 8. e4 dxe4 9. Nxe4 Nxe4 10. Bxe4 Nd7 11.
Bc2 c5 12. Qd3 Nf6 13. Bg5 g6 14. dxc5 Be7 15. Qc3 Nd5 16. cxd5 Bxg5 17. Nxg5 Qxg5 18. d6 Bd7 19. Be4 Rab8 20. Rac1 Rfc8 21. b4 Qd8 22. Qf3 Bc6 23. Bxc6 Rxc6 24. a4 Qd7 25. Rfd1 Rcc8 26. a5 Rd8 27. h3 Qb5 28. Rd4 Qd7 29. Rcd1 Rbc8 30. h4 h5 31. Qf6 Re8 32. Re1 Qd8 33. Qe5 Qd7 34. g4 hxg4 35. Rxg4 Qb5 36. h5 f5 37.
Rxg6+ 1-0

[Event "Late-Titled-Tuesday-Blitz-January-23-2024"]
[Site "Chess.com"]
[Date "2024.01.23"]
[Round "6"]
[White "mbojan"]
[Black "Sl4werThanYou"]
[Result "1-0"]
[WhiteElo "2877"]
[BlackElo "2647"]
[TimeControl "180+1"]
[EndTime "15:05:15 PST"]
[Termination "mbojan won by checkmate"]

1. e4 e6 2. d4 d5 3. Nc3 Bb4 4. e5 Qd7 5. a3 Bxc3+ 6. bxc3 b6 7. a4 Ba6 8. Bxa6 Nxa6 9. Qd3 Nb8 10. Nf3 c5 11. h4 h5 12. Bg5 Ne7 13. O-O Nf5 14.
Rfb1 c4 15. Qe2 Nc6 16. g3 Rb8 17. Kg2 Rf8 18. Ng1 Rh8 19. Nh3 a5 20. Nf4 g6 21.
Bf6 Rh7 22. Nh3 Nce7 23. Ng5 Rh6 24. Nh3 Ng8 25. Bg5 Rh7 26. Rb5 Qc6 27. Rab1 Kd7 28.
Kg1 Rh8 29. Qd1 Nge7 30. Bf6 Rhf8 31. R1b2 Nc8 32. Qb1 Kc7 33. Rxa5 Rb7 34. Ra8 Re8 35. Ng5 Rf8 36. Rb5 Ra7 37. Qb4 Rxa8 38. Qxf8 Rxa4 39. Qxf7+ Kb8 40. Rb1 Ra2 41. Nxe6 Nh6 42. Nd8 Nxf7 43. Nxc6+ Kc7 44. Nb4 Ra5 45. Kf1 Nd8 46. Bxd8+ Kxd8 47. Nc6+ Kc7 48. Nxa5 bxa5 49. Rb5 Nb6 50. Rxa5 Kc6 51. Rc5+ Kd7 52. Ke2 Na4 53. Rxd5+ Ke7 54. Kd2 Nb6 55.
Rb5 Nd7 56. Rb4 Ke6 57. Rxc4 Kd5 58. Kd3 Nb6 59. Rc5+ Ke6 60. Rc6+ Kf5 61. Rxb6 g5 62. hxg5 h4 63. gxh4 Kg4 64. g6 Kf3 65. g7 Kg2 66. h5 Kf1 67. h6 Ke1 68. h7 Kd1 69. c4 Ke1 70. c5 Kf1 71. d5 Ke1 72. f4 Kf1 73. f5 Ke1 74. f6 Kd1 75. e6 Kc1 76. d6 Kd1 77. c6 Ke1 78. c4 Kf1 79. c5 Kg1 80. c7 Kf1 81. d7 Ke1 82. e7 Kd1 83. f7 Kc1 84. c6 Kd1 85. Rb7 Ke1 86. c8=N Kf1 87. d8=N Kg1 88. e8=N Kh1 89. f8=N Kg1 90. g8=N Kf1 91. h8=Q Kg1 92. c7 Kf1 93. Nce7 Ke1 94. c8=N Kd1 95. Nd7 Ke1 96. Ngf6 Kf1 97. Nfd5 Kg1 98. Ndc7 Kf1 99. Rb2 Ke1 100. Kc4 Kd1 101. Kb5 Ke1 102. Ka6 Kf1 103. Kb7 Kg1 104. Kb8 Kf1 105. Ra2 Ke1 106. Qa1# 1-0

[Event "Late-Titled-Tuesday-Blitz-January-23-2024"]
[Site "Chess.com"]
[Date "2024.01.23"]
[Round "6"]
[White "DrCeltic"]
[Black "vladislavkovalev"]
[Result "0-1"]
[WhiteElo "2603"]
[BlackElo "2862"]
[TimeControl "180+1"]
[EndTime "15:05:15 PST"]
[Termination "vladislavkovalev won on time"]

1. e4 e5 2. Nf3 Nc6 3. Bb5 a6 4. Ba4 Nf6 5. O-O Be7 6. Re1 b5 7. Bb3 d6 8. c3 O-O 9. h3 Be6 10. d3 Bxb3 11. Qxb3 Qd7 12. Bg5 h6 13. Be3 d5 14. a4 dxe4 15. dxe4 Nxe4 16. axb5 axb5 17. Rxa8 Rxa8 18. Qxb5 Rb8 19. Qa4 f5 20. b4 Qd5 21.
Rd1 Qc4 22. Na3 Nxc3 23. Nxc4 Nxa4 24. Ncxe5 Nxe5 25. Nxe5 Rxb4 26. Nc6 Re4 27. Rd7 Bd6 28. g3 Nc3 29. Kg2 Nd5 30. Bd4 Ne7 31. Nxe7+ Rxe7 32. Rd8+ Kf7 33. Kf3 Ke6 34. Rg8 Be5 35.
Bc5 Rd7 36. Rc8 Kd5 37. Be3 Bd4 38. Bxd4 Kxd4 39. Kf4 g6 40. h4 c5 41. h5 gxh5 42. Kxf5 Rf7+ 43. Kg6 Rxf2 44. Kxh5 Rf6 0-1